 Dungeon Crawl Stone Soup version 0.22-a0-348-gd16d139 (webtiles) character file.

39171 Serpenta the Jinx (level 13, -1/86 HPs)
             Began as a Mummy Chaos Knight on Apr 11, 2018.
             Slain by a wraith (10 damage)
             ... led by Josephine
             ... on level 9 of the Dungeon.
             The game lasted 01:33:11 (31465 turns).

Serpenta the Jinx (Mummy Chaos Knight)             Turns: 31465, Time: 01:33:11

Health: -1/86      AC: 11    Str: 16    XL:     13   Next: 67%
Magic:  22/22      EV: 11    Int: 15    God:    Xom [...*..]
Gold:   1038       SH:  4    Dex:  6    Spells: 8/24 levels left

rFire    x . .     SeeInvis .   q - +6 dagger (drain)
rCold    + . .     Gourm    .   o - +0 buckler
rNeg     + + +     Faith    .   i - +4 steam dragon scales
rPois    ∞         Spirit   .   C - +0 helmet
rElec    .         Reflect  .   (no cloak)
rCorr    .         Harm     .   E - +0 pair of gloves
MR       +....     Rnd*Tele +   (no boots)
Stlth    +++++.....             (no amulet)
HPRegen  0.24/turn              B - ring of teleportation
MPRegen  0.18/turn              m - ring of Quupt {*Contam +Inv rPois Dex-6 Stlth+}

@: about to teleport, slightly contaminated, slowed, very slow
A: no food or potions, fire vulnerability, cold resistance 1, negative energy
resistance 3, torment resistance, unbreathing, in touch with death 1
a: Renounce Religion, Evoke Invisibility


You were on level 9 of the Dungeon.
You worshipped Xom.
You were a favourite toy of Xom.
You were not hungry.

You visited 2 branches of the dungeon, and saw 16 of its levels.
You also visited: Labyrinth.

You collected 1137 gold pieces.
You spent 99 gold pieces at shops.


Innate Abilities, Weirdness & Mutations

You do not eat or drink.
Your flesh is vulnerable to fire.
You are immune to poison.
Your flesh is cold resistant. (rC+)
You are immune to negative energy. (rN+++)
You are immune to unholy pain and torment.
You can survive without breathing.
You are in touch with the powers of death.


   Skills:
 - Level 3.0 Fighting
 - Level 10.0 Short Blades
 - Level 1.5 Armour
 - Level 0.7 Dodging
 + Level 9.7 Stealth
 - Level 4.0 Shields
 - Level 6.0 Spellcasting
 - Level 12.0 Hexes
 - Level 9.0 Evocations


You had 8 spell levels left.
You knew the following spells:

 Your Spells              Type           Power        Failure   Level  Hunger
s - Swiftness             Chrm/Air       #.......     22%         2    N/A
A - Confuse               Hex            #####...     1%          3    N/A
B - Ensorcelled Hibernat  Hex/Ice        ###...       1%          2    N/A
C - Silence               Hex/Air        ###.......   34%         5    N/A
D - Passwall              Tmut/Erth      #.........   22%         2    N/A
I - Call Imp              Summ           #.......     22%         2    N/A

Action                   |  1- 3 |  4- 6 |  7- 9 | 10-12 | 13-15 || total
-------------------------+-------+-------+-------+-------+-------++-------
Melee: Short sword       |   167 |   116 |   161 |       |       ||   444
       Dagger            |       |       |   317 |   836 |   198 ||  1351
       Whip              |       |       |    19 |       |       ||    19
 Fire: Blowgun           |       |    15 |    21 |     1 |       ||    37
 Cast: Ensorcelled Hiber |       |       |       |    75 |    23 ||    98
       Confuse           |       |       |       |    23 |    13 ||    36
       Passwall          |       |       |       |     4 |       ||     4
       Call Imp          |       |       |       |     4 |       ||     4
 Abil: Evoke Invisibilit |       |       |     9 |    28 |    14 ||    51
Evoke: Lightning rod     |       |       |     8 |     6 |     3 ||    17
       Wand              |       |       |       |    15 |     5 ||    20
  Use: Scroll            |     4 |     3 |    13 |    16 |     4 ||    40
 Stab: Paralysed         |     1 |       |     2 |       |       ||     3
       Confused          |     1 |     1 |     1 |    16 |     5 ||    24
       Petrifying        |     1 |       |       |       |       ||     1
       Sleeping          |       |       |     6 |    41 |    27 ||    74
       Invisible         |       |       |     5 |    50 |    18 ||    73
       Distracted        |       |       |       |     1 |       ||     1
       Held in net/web   |       |       |       |     1 |       ||     1
Armor: Leather armour    |    60 |       |       |    31 |       ||    91
       Steam dragon scal |     7 |    16 |   128 |   151 |    32 ||   334
Dodge: Dodged            |    83 |    46 |   264 |   323 |    79 ||   795
Block: Buckler           |       |       |       |   103 |    30 ||   133

Inventory:

Hand Weapons
 b - a +0 blowgun
 q - a +6 dagger of draining (weapon)
Missiles
 a - 8 steel javelins
 h - 63 poisoned needles
 u - 3 throwing nets (quivered)
 x - 6 exploding tomahawks {god gift}
Armour
 i - +4 steam dragon scales (worn)
 o - a +0 buckler (worn)
 t - a +3 leather armour of cold resistance
 C - a +0 helmet (worn)
 E - a +0 pair of gloves (worn)
Jewellery
 j - an uncursed ring of protection from fire
 m - the ring of Quupt (right hand) {*Contam +Inv rPois Dex-6 Stlth+}
   (You found it on level 4 of the Dungeon)

   [ring of dexterity]

   It affects your dexterity (-6).
   It protects you from poison.
   It lets you turn invisible.
   It causes magical contamination when unequipped.
   It makes you more stealthy.
 n - an uncursed ring of resist corrosion
 p - the ring of Huvarak {rC+ Dex+3}
   (You found it on level 1 of the Lair of Beasts)

   [ring of protection from cold]

   It affects your dexterity (+3).
   It protects you from cold.
 B - a ring of teleportation (left hand)
Wands
 g - a wand of polymorph (13)
 s - a wand of iceblast (1)
 w - a wand of paralysis (13)
 z - a wand of digging (12)
 A - a wand of scattershot (2)
Scrolls
 c - 15 scrolls of remove curse
 d - 7 scrolls of identify
 e - 4 scrolls of magic mapping
 f - 3 scrolls of fog
 l - 3 scrolls of immolation
 r - a scroll of fear
 v - a scroll of vulnerability
 y - 3 scrolls of amnesia
Miscellaneous
 k - a lightning rod (4/4) {god gift}

'##### #......<.##.)............
.....####........#..###........##
.....'..#........'.## #.>......#.
.....##.#........### #........#%
.######################........##
..##### ####.######.#..........##
#..#..# #.#....#...##.####.######
.#.#.####..###.#.W#...# #..#
...#.[#.....#.#.@W.#### ##[#
##..##.##.##.†##..## #§#
.#.##...#..##......# #§#
#..#..#.#.#...###..# #§#
...#..#..[.##.##.### #§#
.#.##..#.).#.#.###.## #§#
.#.#.#.[#.....(#....#######§#####
.##.#..#.>.##..#..###.....§§§....
###.#.....###..#...#########.>###


You could see 2 wraiths.

Vanquished Creatures
  A minotaur (Lab)
  Harold (Lair:4)
  7 hydras
  A two-headed ogre (D:10)
  Urug (D:10)
  A wizard (Lair:6)
  Pikel (D:6)
  A lindwurm (Lair:6)
  4 elephants (Lair:4)
  2 rust devils
  A black mamba (Lair:6)
  A gargoyle (D:10)
  4 spiny frogs
  4 komodo dragons
  10 rime drakes
  A queen bee (Lair:3)
  A troll (D:8)
  A jumping spider (Lair:2)
  A polar bear (Lair:5)
  6 blink frogs
  Prince Ribbit (D:8)
  13 dream sheep
  17 hippogriffs
  A shadow (D:9)
  19 yaks
  A wraith (D:10)
  4 wyverns
  8 basilisks
  A golden eye (Lair:4)
  A hungry ghost (D:9)
  Menkaure (D:7)
  3 swamp worms (Lair:2)
  A warg (D:9)
  A floating eye (Lair:4)
  13 porcupines
  12 water moccasins
  A hell hound (Lair:4)
  11 orc warriors
  A sky beast (D:5)
  2 slaves (D:6)
  An eye of draining (D:9)
  A phantom (D:9)
  3 black bears
  3 boggarts (Lair:5)
  2 ogres
  8 wolves
  14 crocodiles
  2 big kobolds
  12 bullfrogs
  A gnoll sergeant (D:10)
  Blork the orc (D:6)
  A scorpion (D:4)
  2 electric eels
  5 wights
  A howler monkey (D:5)
  2 crimson imps
  A quasit (D:10)
  4 hounds
  2 bullfrog zombies
  A centaur zombie (D:6)
  7 orc priests
  8 orc wizards
  3 bullfrog skeletons
  A gnoll shaman (D:9)
  2 iguanas
  6 worker ants
  2 worker ant zombies
  4 adders
  10 gnolls
  A river rat (D:8)
  2 shadow imps
  An ooze (D:4)
  3 adder zombies
  An adder skeleton (D:8)
  4 worms
  2 dart slugs
  4 leopard geckos
  An orc (shapeshifter) (D:6)
  24 orcs
  6 bats
  6 giant cockroaches
  11 goblins
  8 hobgoblins
  6 jackals
  3 quokkas
  4 ball pythons
  A frilled lizard (D:1)
  16 kobolds
  2 leopard gecko zombies
  4 rats
  A rat (shapeshifter) (D:2)
  A plant (Lair:4)
384 creatures vanquished.

Vanquished Creatures (collateral kills)
  A catoblepas (Lair:5)
  A rime drake (Lair:4)
  A blink frog (Lair:3)
  The ghost of Soeti the Ducker, an amateur OpFi of Gozag (D:4)
  2 yaks (Lair:4)
  2 ogres (D:4)
  A big kobold (D:4)
  A jelly (shapeshifter) (D:7)
  An orc wizard (D:8)
  2 orc priests
  3 orcs
16 creatures vanquished.

Vanquished Creatures (others)
  2 slaves (D:6)
  A boggart (Lair:5)
  An orc (D:6)
  A quokka (D:10)
  8 fungi
  12 plants
25 creatures vanquished.

Grand Total: 425 creatures vanquished

Vault maps used:
D:1:      dpeg_arrival_rooms_a
D:2:      roderic_roman_lattice, minmay_misc_feat_four_crosses
D:4:      serial_shops, shop, first_ration, uniq_eustachio
D:5:      overflow_temple_1_default, chequers_temple_overflow_statue_of_worship
D:6:      cheibrodos_iron_armory, minmay_temple_entry_glassed_door, uniq_pikel,
          uniq_blork_the_orc
D:7:      kennysheep_mini_moat, uniq_menkaure
D:8:      uniq_prince_ribbit1
D:9:      minmay_lair_entry_grove, erik_orc_3, grunt_pizzeria,
          kennysheep_okawaru_gauntlet
D:10:     serial_shops, nicolae_shop_window_shopping, hive_lemuel, uniq_urug,
          uniq_josephine
Lair:1:   lemuel_fruit_tree, infiniplex_staircase_pool, serial_bayou_shore_b
Lair:2:   nicolae_swamp_entry_splash_gauntlet, spider_nest_entry_a, basic_altar,
          beast_lair_carwin_9
Lair:4:   lab_entry_generic, lemuel_fruit_fields, serial_bayou_shore_b,
          uniq_harold
Lair:5:   serial_bayou_pond_a, kilobyte_rumbling_trees, grunt_megastairs_3
Lair:6:   evil_forest, slime_altar_1, nicolae_quartered_pool_medium
Lab:      labyrinth_skeletal_remains


Message History

There is a stone staircase leading up here.
Things that are here:
a scale mail; a flail You feel less contaminated with magical energies.
The wraith hits you but does no damage. The wraith barely misses you.
The wraith closely misses you. You block the wraith's attack.
The wraith hits you!
* * * LOW HITPOINT WARNING * * *
The wraith drains your vigour!
You feel as though you will be slow longer.
The wraith hits you!
* * * LOW HITPOINT WARNING * * *
As you read the scroll of teleportation, it crumbles to dust.
You feel strangely unstable. The wraith hits you.
* * * LOW HITPOINT WARNING * * *
The wraith hits you!
You die...
Xom is highly amused!

Notes
Turn   | Place    | Note
-------+----------+-------------------------------------------
     0 | D:1      | Serpenta the Mummy Chaos Knight began the quest for the Orb.
     0 | D:1      | Reached XP level 1. HP: 18/18 MP: 1/1
   116 | D:1      | Reached XP level 2. HP: 24/24 MP: 2/2
   129 | D:1      | XOM: silly message
   414 | D:1      | XOM: stat loss: -1 Dex (10/11)
   637 | D:2      | Reached XP level 3. HP: 22/29 MP: 3/3
   794 | D:2      | XOM: divination: detect items
  1031 | D:2      | XOM: divination: detect creatures
  1216 | D:2      | XOM: divination: detect items
  1770 | D:2      | XOM: divination: detect items
  1919 | D:3      | XOM: divination: magic mapping
  1921 | D:3      | XOM: silly message
  1959 | D:3      | XOM: fog
  1969 | D:3      | Reached XP level 4. HP: 34/35 MP: 4/4
  2262 | D:3      | XOM: medium Summ miscast
  2263 | D:3      | Noticed a sixfirhy
  2612 | D:3      | XOM: harmless Conj miscast
  2943 | D:4      | Noticed Eustachio
  2944 | D:4      | XOM: blink monster(s)
  3371 | D:3      | XOM: summons 3 friendly demons
  3534 | D:4      | XOM: summons 3 friendly demons
  3568 | D:4      | Reached XP level 5. HP: 27/41 MP: 5/5
  3720 | D:4      | XOM: noise
  3754 | D:4      | Reached skill level 5 in Short Blades
  3791 | D:4      | XOM: harmless Erth miscast
  3893 | D:4      | Noticed Soeti's ghost (amateur OpFi)
  3898 | D:4      | XOM: 6-stop teleportation journey
  3949 | D:4      | Noticed an ogre
  3956 | D:4      | XOM: 8-stop teleportation journey
  3957 | D:4      | Noticed an orc warrior
  3965 | D:4      | XOM: cleaving
  3966 | D:4      | Found Qecokezuna's Book Shop.
  3999 | D:4      | Noticed an ogre
  3999 | D:4      | XOM: god gift: lightning rod (4/4) {god gift}
  4005 | D:4      | XOM: potion effect (agility)
  4015 | D:4      | XOM: scenery: create altars
  4050 | D:4      | XOM: harmless Pois miscast
  4059 | D:4      | XOM: confuse monster(s)
  4063 | D:4      | XOM: cast spell 'Summon Horrible Things'
  4067 | D:4      | Reached XP level 6. HP: 43/47 MP: 6/6
  4091 | D:4      | Killed Soeti's ghost
  4131 | D:4      | XOM: confusion
  4133 | D:4      | XOM: butterfly on damage
  4165 | D:4      | XOM: mild Ice miscast
  4346 | D:3      | XOM: harmless Tloc miscast
  4423 | D:4      | XOM: noise
  4598 | D:4      | Got a warped lapis lazuli ring
  4599 | D:4      | Identified the cursed ring of Quupt {*Contam +Inv rPois Dex-6 Stlth+} (You found it on level 4 of the Dungeon)
  4615 | D:4      | XOM: swap monsters
  4645 | D:4      | Killed an orc warrior
  4645 | D:4      | Reached skill level 1 in Evocations
  4645 | D:4      | Reached XP level 7. HP: 52/52 MP: 6/8
  4668 | D:5      | Entered Level 5 of the Dungeon
  4673 | D:5      | XOM: harmless Summ miscast
  4817 | D:5      | XOM: summons 3 hostile demons
  4831 | D:5      | XOM: confusion (+ monsters)
  4835 | D:5      | XOM: god gift: 60 gold pieces {god gift}
  4886 | D:5      | Got a polished ring mail
  4897 | D:5      | Identified the cursed +1 ring mail of Qyemunk {rN+ Int+4} (You found it on level 5 of the Dungeon)
  4976 | D:5      | Found a burning altar of Makhleb.
  4977 | D:5      | Found a shattered altar of Ashenzari.
  4981 | D:5      | Found an ancient bone altar of Kikubaaqudgha.
  4981 | D:5      | Found a deep blue altar of Sif Muna.
  5016 | D:5      | Learned a level 2 spell: Call Imp
  5057 | D:5      | XOM: noise
  5068 | D:5      | XOM: noise
  5160 | D:5      | Found an ornate altar of the Wu Jian Council.
  5418 | D:5      | XOM: harmless Tmut miscast
  5919 | D:6      | Noticed Blork the orc
  5953 | D:6      | Noticed Pikel
  5967 | D:6      | Killed Pikel
  5967 | D:6      | Reached XP level 8. HP: 48/58 MP: 9/11
  6175 | D:6      | XOM: swap monsters
  6542 | D:6      | Noticed a rust devil
  6542 | D:6      | Noticed a rust devil
  6581 | D:7      | Reached skill level 5 in Evocations
  6589 | D:7      | XOM: 1-stop teleportation journey
  6591 | D:7      | XOM: noise
  6628 | D:7      | XOM: mild Air miscast
  6638 | D:7      | XOM: noise
  6646 | D:7      | XOM: confuse monster(s)
  6729 | D:7      | XOM: medium Necr miscast
  6732 | D:7      | Noticed Menkaure
  6746 | D:7      | Killed Menkaure
  6772 | D:7      | XOM: 1-stop teleportation journey
  6774 | D:7      | XOM: mild Erth miscast
  6797 | D:6      | XOM: polymorph hound -> steam dragon
  6799 | D:6      | XOM: harmless Pois miscast
  6997 | D:7      | XOM: harmless Summ miscast
  7322 | D:7      | XOM: polymorph killer bee -> gnoll
  7506 | D:8      | XOM: harmless Tmut miscast
  7630 | D:7      | XOM: confuse monster(s)
  7805 | D:8      | Noticed a five-headed hydra
  7812 | D:8      | XOM: 2-stop teleportation journey
  7841 | D:8      | Identified a scroll of acquirement
  7845 | D:8      | FU
  8018 | D:8      | XOM: enchant monster (good)
  8337 | D:8      | Noticed a troll
  8353 | D:8      | Killed a troll
  8353 | D:8      | Reached skill level 5 in Stealth
  8353 | D:8      | Reached XP level 9. HP: 36/63 MP: 11/13
  8699 | D:8      | Noticed Prince Ribbit
  8713 | D:8      | Killed Prince Ribbit
  8754 | D:8      | XOM is BORED!
  8754 | D:8      | XOM: polymorph orc -> river rat
  8835 | D:8      | XOM: summons 4 hostile demons
  8853 | D:8      | XOM: enchant monster (good)
  8944 | D:8      | XOM: enchant monster (good)
  9232 | D:8      | XOM: summons 1 hostile demon
  9399 | D:9      | XOM: cast spell 'Cause Fear'
  9410 | D:9      | XOM: enchant monster (bad)
  9804 | D:9      | XOM: cast spell 'Summon Butterflies'
  9879 | D:9      | XOM: enchant monster (good)
  9903 | D:9      | XOM: divination: detect creatures
 10173 | D:9      | Found a staircase to the Orcish Mines.
 10196 | D:9      | XOM: snakes to sticks
 10563 | D:9      | XOM: scenery: create altars
 10644 | D:9      | XOM: harmless Tloc miscast
 10946 | D:8      | XOM: harmless Necr miscast
 11185 | D:9      | XOM: confuse monster(s)
 11418 | D:9      | XOM: potion effect (haste)
 11426 | D:9      | Reached skill level 1 in Shields
 11454 | D:8      | XOM: god gift: book of Unlife {god gift}
 11535 | D:9      | Found an iron altar of Okawaru.
 11638 | D:9      | Reached XP level 10. HP: 52/70 MP: 14/14
 11724 | D:10     | Entered Level 10 of the Dungeon
 11894 | D:10     | Noticed Urug
 12027 | D:9      | XOM: god gift: thin runed staff {god gift}
 12486 | D:7      | XOM: cleaving
 12599 | D:7      | XOM is BORED!
 12599 | D:7      | XOM: medium Chrm miscast
 12812 | D:7      | You fall through a shaft for 2 floors!
 12941 | D:7      | Found a hazy altar of Hepliaklqana.
 13159 | D:6      | Found a staircase to the Ecumenical Temple.
 13168 | D:6      | Killed Blork the orc
 13366 | D:5      | Found an ornate altar of the Wu Jian Council.
 13407 | D:5      | Noticed Eustachio
 13407 | D:5      | Eustachio changed into Eustachio the howler monkey
 13407 | D:5      | XOM: polymorph Eustachio -> Eustachio the howler monkey
 13416 | D:5      | Killed Eustachio the howler monkey
 13555 | D:5      | Found a burning altar of Makhleb.
 13555 | D:5      | Found a shattered altar of Ashenzari.
 13556 | D:5      | Found an ancient bone altar of Kikubaaqudgha.
 13556 | D:5      | Found a deep blue altar of Sif Muna.
 13797 | D:5      | XOM: silly message
 14021 | D:10     | Noticed a two-headed ogre
 14021 | D:10     | Found Ulux's Antique Armour Boutique.
 14211 | D:10     | XOM: potion effect (invisibility)
 14262 | D:10     | XOM: harmless Air miscast
 14398 | D:10     | Noticed a gargoyle
 14399 | D:10     | XOM: smoke on damage
 14653 | D:9      | Found a staircase to the Lair.
 14661 | D:9      | XOM: cast spell 'Call Canine Familiar'
 14680 | D:9      | XOM: confuse monster(s)
 14971 | D:9      | XOM: potion effect (agility)
 14993 | D:9      | Learned a level 3 spell: Confuse
 14997 | D:9      | Learned a level 2 spell: Ensorcelled Hibernation
 15004 | Lair:1   | Entered Level 1 of the Lair of Beasts
 15082 | Lair:1   | Reached skill level 1 in Hexes
 15215 | Lair:1   | Learned a level 2 spell: Swiftness
 15331 | Lair:1   | XOM: harmless Pois miscast
 15349 | Lair:1   | Got an ancient ivory ring
 15350 | Lair:1   | XOM: potion effect (brilliance)
 15354 | Lair:1   | XOM: divination: magic mapping
 15368 | Lair:1   | Reached skill level 2 in Hexes
 15374 | Lair:1   | XOM: harmless Chrm miscast
 15457 | Lair:1   | XOM: cloud trail
 15525 | Lair:1   | XOM: 2-stop teleportation journey
 15705 | Lair:1   | XOM: god gift: shortbow {god gift}
 15743 | Lair:1   | XOM: enchant monster (good)
 15755 | Lair:1   | Reached skill level 3 in Hexes
 16310 | Lair:2   | XOM: medium Conj miscast
 16311 | Lair:2   | XOM: harmless Pois miscast
 16313 | Lair:2   | XOM: smoke on damage
 16373 | Lair:2   | XOM: 2-stop teleportation journey
 16401 | Lair:2   | XOM: medium Erth miscast
 16593 | Lair:1   | Reached XP level 11. HP: 56/75 MP: 16/16
 16772 | Lair:2   | Noticed a seven-headed hydra
 16789 | Lair:2   | XOM: 2-stop teleportation journey
 16845 | Lair:2   | XOM: enchant monster (bad)
 16935 | Lair:2   | Found a hole to the Spider Nest.
 16941 | Lair:2   | Reached skill level 4 in Hexes
 17013 | Lair:2   | XOM: summons 1 hostile demon
 17088 | Lair:2   | XOM: god gift: 6 exploding tomahawks {god gift}
 17274 | Lair:2   | Found a staircase to the Swamp.
 17763 | Lair:2   | XOM: confusion
 17780 | Lair:2   | Reached skill level 5 in Hexes
 17845 | Lair:2   | Found a sacrificial altar of Ru.
 17854 | Lair:2   | Noticed a four-headed hydra
 17901 | Lair:3   | Identified the ring of Huvarak {rC+ Dex+3} (You found it on level 1 of the Lair of Beasts)
 17928 | Lair:3   | XOM: harmless Erth miscast
 17929 | Lair:3   | XOM: swap monsters
 17955 | Lair:3   | XOM: medium Necr miscast
 18033 | Lair:3   | XOM: severe Necr miscast
 18034 | Lair:3   | Noticed a soul eater
 18075 | Lair:2   | XOM: severe Hex miscast
 18147 | Lair:2   | XOM: medium Erth miscast
 18453 | Lair:3   | XOM: swap monsters
 18655 | Lair:3   | XOM: potion effect (brilliance)
 18661 | Lair:3   | XOM: potion effect (invisibility)
 18663 | Lair:3   | XOM: god gift: 22 gold pieces {god gift}
 18676 | Lair:3   | Reached skill level 6 in Hexes
 19311 | Lair:3   | XOM: cast spell 'Summon Hydra'
 19365 | Lair:3   | XOM: summons friendly ufetubus
 19378 | Lair:3   | Reached skill level 7 in Hexes
 19934 | Lair:4   | Reached skill level 1 in Spellcasting
 19946 | Lair:4   | XOM: polymorph dream sheep -> floating eye
 19982 | Lair:4   | XOM: polymorph crocodile -> golden eye
 20047 | Lair:4   | XOM: fog
 20131 | Lair:4   | Found a labyrinth entrance.
 20136 | Lair:4   | Noticed Harold
 20136 | Lair:4   | Noticed an eight-headed hydra
 20138 | Lab      | Entered a labyrinth
 20199 | Lab      | XOM: god gift: 59 gold pieces {god gift}
 20206 | Lab      | XOM: cloud trail
 20265 | Lab      | XOM: god gift: 18 bolts {god gift}
 20316 | Lab      | XOM: silly message
 21382 | Lab      | XOM: cloud trail
 22555 | Lab      | XOM is BORED!
 23563 | Lab      | XOM: severe Ice miscast
 23675 | Lab      | XOM: 10-stop teleportation journey
 23695 | Lab      | XOM: cloud trail
 23871 | Lab      | Noticed a minotaur
 23871 | Lab      | XOM: butterfly on damage
 23878 | Lab      | XOM: scenery: create altars
 23882 | Lab      | XOM: 3-stop teleportation journey
 23883 | Lab      | fuck you xom
 24085 | Lab      | Identified Xom's Incunabulum of Chance {god gift} (Xom gifted it to you in a labyrinth)
 24085 | Lab      | XOM: god gift: Xom's Incunabulum of Chance {god gift}
 24100 | Lab      | Learned a level 2 spell: Passwall
 24253 | Lab      | Found a shimmering altar of Xom.
 24254 | Lab      | Found a shimmering altar of Xom.
 24258 | Lab      | Found a shimmering altar of Xom.
 24258 | Lab      | Found a shimmering altar of Xom.
 24258 | Lab      | Found a shimmering altar of Xom.
 24258 | Lab      | Found a shimmering altar of Xom.
 24268 | Lab      | Killed a minotaur
 24268 | Lab      | Reached skill level 8 in Hexes
 24268 | Lab      | Reached XP level 12. HP: 13/81 MP: 16/19
 24275 | Lab      | Found a shimmering altar of Xom.
 24287 | Lab      | wow. and that's all loot? for all the trouble i had?!
 24287 | Lab      | FUCK YOU CRAWL
 24287 | Lab      | fuck you sooo much
 24571 | Lair:4   | XOM: cleaving
 24584 | Lair:4   | XOM: fake destruction
 24588 | Lair:4   | XOM: summons friendly shadow imp
 24594 | Lair:4   | XOM: summons friendly ufetubus
 24601 | Lair:4   | Reached skill level 5 in Spellcasting
 24683 | Lair:4   | XOM: divination: magic mapping
 24690 | Lair:4   | XOM: potion effect (curing)
 24713 | Lair:4   | XOM: noise
 24936 | Lair:4   | XOM: summons 7 friendly demons
 24967 | Lair:4   | XOM: polymorph shadow imp -> crimson imp
 25011 | Lair:4   | XOM: divine lightning
 25014 | Lair:4   | XOM: polymorph yak -> queen bee
 25018 | Lair:4   | XOM: enchant monster (good)
 25022 | Lair:4   | XOM: summons friendly ynoxinul
 25136 | Lair:3   | XOM: summons 3 hostile demons
 25206 | Lair:2   | XOM: stat loss: -1 Dex (8/9)
 25266 | Lair:3   | XOM: harmless Tmut miscast
 25351 | Lair:3   | XOM: confusion (+ monsters)
 25366 | Lair:3   | XOM: harmless Erth miscast
 25520 | Lair:4   | XOM: polymorph wyvern -> rime drake
 25538 | Lair:4   | XOM: summons 6 hostile demons
 25636 | Lair:4   | Reached skill level 9 in Hexes
 25745 | Lair:4   | XOM: harmless Tloc miscast
 25823 | Lair:4   | XOM: scenery: 1 doors open, 2 doors close
 26009 | Lair:4   | XOM: god gift: book of Battle {god gift}
 26137 | Lair:4   | Killed an eight-headed hydra
 26150 | Lair:4   | XOM: scenery: 2 doors open
 26161 | Lair:4   | Killed Harold
 26276 | Lair:4   | XOM: summons 7 friendly demons
 26309 | Lair:4   | Reached skill level 10 in Hexes
 26377 | Lair:4   | XOM: cloud trail
 26667 | Lair:5   | XOM: scenery: create altars
 26686 | Lair:5   | Noticed a catoblepas
 26691 | Lair:5   | XOM: cast spell 'Summon Ice Beast'
 26703 | Lair:5   | Killed a catoblepas
 26969 | Lair:5   | XOM: enchant monster (good)
 26972 | Lair:5   | XOM: summons friendly ufetubus
 27005 | Lair:5   | XOM: noise
 27121 | Lair:5   | XOM: scenery: create altars
 27186 | Lair:5   | XOM: harmless Fire miscast
 27193 | Lair:5   | XOM: god gift: heavily runed chain mail {god gift}
 27488 | Lair:5   | XOM: potion effect (might)
 27499 | Lair:5   | Gained mutation: You are in touch with the powers of death. [Mummy growth]
 27499 | Lair:5   | Reached XP level 13. HP: 86/86 MP: 18/21
 27575 | Lair:6   | Entered Level 6 of the Lair of Beasts
 27626 | Lair:6   | Found a viscous altar of Jiyva.
 27627 | Lair:6   | Found a staircase to the Slime Pits.
 27656 | Lair:6   | XOM: cast spell 'Olgreb's Toxic Radiance'
 27913 | Lair:6   | Identified Liffoin's Papyrus of Translocation and Stones
 27952 | Lair:6   | Reached skill level 11 in Hexes
 28684 | Lair:6   | Reached skill level 10 in Short Blades
 29685 | Lair:2   | XOM: mild Fire miscast
 30145 | D:9      | XOM: divination: magic mapping
 30557 | D:7      | XOM: summons friendly iron imp
 30700 | D:7      | XOM: god gift: sapphire potion {god gift}
 30861 | D:9      | XOM: mild Chrm miscast
 31031 | D:9      | XOM: harmless Air miscast
 31161 | D:10     | Bought a pair of gloves for 99 gold pieces
 31234 | D:10     | Killed Urug
 31234 | D:10     | Reached skill level 12 in Hexes
 31261 | D:10     | Learned a level 5 spell: Silence
 31370 | D:10     | Noticed Josephine
 31376 | D:10     | XOM: destruction
 31385 | D:10     | XOM: fog
 31387 | D:10     | XOM: enchant monster (good)
 31391 | D:10     | XOM: god gift: 19 bolts {god gift}
 31401 | D:10     | XOM: potion effect (invisibility)
 31406 | D:10     | XOM: noise
 31421 | D:9      | XOM: destruction
 31447 | D:9      | XOM: fog
 31465 | D:9      | Slain by a wraith
